 Dungeon Crawl Stone Soup version 0.18-a0-1542-g9c1a92e (webtiles) character file.

5600 mrath the Thaumaturge (level 10, -2/80 HPs)
             Began as a Demigod Ice Elementalist on Mar 10, 2016.
             Slain by a killer bee (9 damage)
             ... on level 9 of the Dungeon.
             The game lasted 01:57:54 (16003 turns).

mrath the Thaumaturge (Demigod Ice Elementalist)   Turns: 16003, Time: 01:57:56

Health: -2/80      AC: 11    Str: 11    XL:     10   Next: 22%
Magic:  16/26      EV: 12    Int: 25    God:
Gold:   504        SH:  0    Dex: 16    Spells: 6 memorised, 7 levels left

rFire  . . .     SeeInvis .     B - +0 flail (protect)
rCold  . . .     Gourm    .     a - +1 robe
rNeg   . . .     Faith    .     (no shield)
rPois  .         Spirit   .     J - +0 helmet
rElec  .         Dismiss  +     G - +0 cloak
rCorr  +         Reflect  .     (no gloves)
SustAt +         Harm     .     u - +0 pair of boots
MR     +....                    p - amulet of dismissal
Stlth  ++........               (no ring)
                                I - ring of resist corrosion

@: lethally poisoned (-2 -> -31), somewhat resistant to hostile enchantments,
unstealthy
A: high mp 1, sustain attributes
a: no special abilities


You were on level 9 of the Dungeon.
You were not hungry.

You visited 1 branch of the dungeon, and saw 10 of its levels.
You also visited: Sewer.

You collected 588 gold pieces.
You spent 84 gold pieces at shops.

Inventory:

Hand Weapons
 i - a +0 hunting sling
 B - a +0 flail of protection (weapon)
 P - a +2 whip of flaming
Missiles
 f - 185 stones
 K - 12 sling bullets
 O - 8 poisoned tomahawks
 V - 4 tomahawks (quivered)
 W - 12 silver sling bullets
Armour
 a - a +1 robe (worn)
 h - a cursed -2 leather armour
 u - a +0 pair of boots (worn)
 G - a +0 cloak (worn)
 J - a +0 helmet (worn)
Jewellery
 p - an amulet of dismissal (around neck)
 I - a ring of resist corrosion (left hand)
 X - an uncursed amulet of faith {unknown}
 Y - an uncursed amulet of faith {unknown}
Wands
 s - a wand of flame (19/48)
 v - a wand of teleportation (1/9)
 L - a wand of digging (16/24)
 N - a wand of lightning (6/15)
 T - a wand of random effects (36/48)
Scrolls
 d - 2 scrolls of fog
 j - 2 scrolls of recharging
 l - 2 scrolls of blinking
 m - 2 scrolls of remove curse
 n - a scroll of magic mapping
 q - a scroll of acquirement {unknown}
 y - a scroll of fear
 A - 3 scrolls of teleportation
 F - 2 scrolls of amnesia
 U - a scroll of identify
Potions
 e - 2 potions of lignification {unknown}
 g - 4 potions of curing
 k - 2 potions of agility {unknown}
 o - 5 potions of cure mutation
 r - 2 potions of degeneration {unknown}
 t - a potion of mutation {unknown}
 x - 2 potions of magic {unknown}
 z - 3 potions of heal wounds
 C - a potion of brilliance {unknown}
 D - 4 potions of flight
 E - a potion of might {unknown}
 R - a potion of invisibility {unknown}
Books
 b - a book of Frost

   Spells                             Type                      Level
   a - Freeze                         Ice                          1
   b - Throw Frost                    Conjuration/Ice              2
   c - Ozocubu's Armour               Charms/Ice                   3
   d - Throw Icicle                   Conjuration/Ice              4
   e - Summon Ice Beast               Ice/Summoning                4
 H - a book of the Warp

   Spells                             Type                      Level
   a - Recall                         Summoning/Translocation      3
   b - Gell's Gravitas                Hexes/Translocation          3
   c - Force Lance                    Conjuration/Translocation    4
   d - Warp Weapon                    Charms/Translocation         5
   e - Summon Forest                  Summoning/Translocation      5
Comestibles
 c - 4 bread rations
 w - 2 meat rations
 S - 2 fruits


   Skills:
 + Level 4.8 Fighting
 - Level 1.7 Dodging
 - Level 1.7 Stealth
 * Level 8.3 Spellcasting
 + Level 5.8 Conjurations
 + Level 5.2 Translocations
 + Level 6.9 Ice Magic


You had 7 spell levels left.
You knew the following spells:

 Your Spells              Type           Power        Failure   Level  Hunger
a - Freeze                Ice            ####         1%          1    None
b - Throw Frost           Conj/Ice       #####.       1%          2    None
c - Ozocubu's Armour      Chrm/Ice       ####....     4%          3    None
d - Force Lance           Conj/Tloc      #####...     8%          4    ##.....
e - Throw Icicle          Conj/Ice       #####...     4%          4    ##.....
f - Summon Ice Beast      Ice/Summ       ####....     14%         4    ##.....


Dungeon Overview and Level Annotations

Branches:
Dungeon (10/15)            Temple (0/1) D:6
   Lair: D:8-11         Orc: D:9-12

Shops:
D:6 *?   D:8 *:


Innate Abilities, Weirdness & Mutations

You have an increased reservoir of magic (+10% MP).
Your attributes are resistant to harm.


Message History

You kill the killer bee!
* * * LOW HITPOINT WARNING * * *
You feel very sick. The killer bee stings you.
* * * LOW HITPOINT WARNING * * *
The killer bee closely misses you.
Unknown command.
Casting: Freeze
Confirm with . or Enter, or press ? or * to list all spells.
Aiming: Freeze
Press: ? - help, Shift-Dir - straight line, f - killer bee
Aim: a killer bee You freeze the killer bee.
The killer bee is lightly wounded.
* * * LOW HITPOINT WARNING * * *
You feel very sick. The killer bee stings you.
* * * LOW HITPOINT WARNING * * *
The killer bee stings you!
You die...

.....#........#.....#............
.....#........#.....#######......
.....#...######.....#.....#......
######........#.....#............
.....#........#.....#............
.....#........#.....#............
.....#........#.....#######...#..
.....#....#...#.....#.....#...#..
.....######.....@...#.....#......
...............y....#.....#......
.....#..............#.....#......
.....#..............#.....#...#..
.....#........................#..
.....#....#####...............#..
.....#........#...............#..
######........#...............#..
.....#........#...............#..


You could see a killer bee.

Vanquished Creatures
  Pikel (D:4)
  A two-headed ogre (D:10)
  A wraith (D:9)
  A wolf (D:10)
  A water moccasin (D:6)
  2 phantoms
  2 sky beasts
  3 orc warriors
  2 ice beasts (D:5)
  A necrophage (D:9)
  2 black bears
  4 ogres
  2 slaves (D:4)
  3 centaurs
  Blork the orc (D:5)
  5 giant frogs
  2 wyvern zombies
  A scorpion (D:5)
  A water moccasin skeleton (D:8)
  6 killer bees
  5 wights (D:7)
  2 howler monkeys
  6 crimson imps
  A centaur zombie (D:6)
  2 giant frog zombies
  A quasit (D:8)
  3 orc priests
  5 hounds
  2 jellies
  Crazy Yiuf (D:6)
  7 orc wizards
  2 giant frog skeletons (D:5)
  4 iguanas
  2 gnoll shamans
  6 worker ants
  A killer bee zombie (D:6)
  A hound zombie (D:9)
  2 hound skeletons
  A howler monkey zombie (D:7)
  A worker ant zombie (D:5)
  11 gnolls
  20 adders
  An adder zombie (D:9)
  3 oozes
  2 adder skeletons
  2 worms
  3 dart slugs
  5 giant geckos
  33 orcs
  2 ball pythons (Sewer)
  6 bats
  7 giant cockroaches
  3 goblins
  11 hobgoblins
  12 jackals
  19 kobolds
  2 quokkas
  3 giant newts
  A jackal zombie (D:6)
  2 quokka skeletons
  A quokka zombie (D:5)
  13 rats
259 creatures vanquished.

Vanquished Creatures (others)
  A plant (D:1)
1 creature vanquished.

Grand Total: 260 creatures vanquished

Notes
Turn   | Place    | Note
--------------------------------------------------------------
     0 | D:1      | mrath the Demigod Ice Elementalist began the quest for the Orb.
     0 | D:1      | Reached XP level 1. HP: 14/14 MP: 5/5
   149 | D:1      | Reached skill level 2 in Spellcasting
   309 | D:1      | Reached XP level 2. HP: 20/20 MP: 3/7
   350 | D:1      | Learned a level 2 spell: Throw Frost
  1228 | D:1      | Reached skill level 1 in Conjurations
  1228 | D:1      | Reached XP level 3. HP: 26/26 MP: 0/9
  2832 | D:3      | Reached skill level 3 in Spellcasting
  2832 | D:3      | Reached XP level 4. HP: 33/33 MP: 2/11
  2936 | D:3      | Found a sacrificial altar of Ru.
  3606 | D:3      | Learned a level 3 spell: Ozocubu's Armour
  3665 | D:4      | Found a glowing drain.
  3773 | D:4      | Reached XP level 5. HP: 24/38 MP: 1/13
  4034 | D:3      | Noticed an ogre
  4048 | Sewer    | Entered a sewer
  4720 | D:4      | Noticed an ogre
  4729 | D:4      | Killed an ogre
  4729 | D:4      | Reached skill level 4 in Spellcasting
  4729 | D:4      | Reached XP level 6. HP: 45/45 MP: 5/15
  5191 | D:4      | Noticed Pikel
  6007 | D:5      | Entered Level 5 of the Dungeon
  6499 | D:4      | Learned a level 4 spell: Force Lance
  6585 | D:5      | Reached XP level 7. HP: 49/51 MP: 0/17
  6716 | D:5      | Reached skill level 1 in Translocations
  6854 | D:5      | Reached skill level 1 in Fighting
  6854 | D:5      | Reached skill level 5 in Spellcasting
  7089 | D:5      | Reached skill level 5 in Ice Magic
  7577 | D:4      | Learned a level 4 spell: Throw Icicle
  7633 | D:4      | Killed Pikel
  7633 | D:4      | Reached skill level 6 in Spellcasting
  7633 | D:4      | Reached XP level 8. HP: 46/62 MP: 6/20
  8371 | D:6      | Found Imit Emet's Magic Scroll Emporium.
  8422 | D:6      | Bought a scroll of identify for 28 gold pieces
  8422 | D:6      | Bought a scroll of identify for 28 gold pieces
  8441 | D:6      | Noticed Blork the orc
  8653 | D:6      | Found a staircase to the Ecumenical Temple.
  9642 | D:6      | Found Tul Emil's General Store.
  9648 | D:6      | Bought a scroll of identify for 28 gold pieces
  9680 | D:6      | Noticed Crazy Yiuf
  9683 | D:6      | Killed Crazy Yiuf
  9789 | D:5      | Killed Blork the orc
 10013 | D:6      | Reached XP level 9. HP: 70/70 MP: 16/23
 10388 | D:7      | Reached skill level 7 in Spellcasting
 10928 | D:7      | Reached skill level 5 in Conjurations
 11689 | D:7      | Found a sparkling altar of Nemelex Xobeh.
 11689 | D:7      | Found a bloodstained altar of Trog.
 11691 | D:7      | Found a glowing silver altar of Zin.
 11730 | D:8      | Found Ubefiejo's Assorted Antiques.
 12062 | D:8      | Found an oddly glowing altar of Pakellas.
 12160 | D:8      | Found Resegruz's Book Emporium.
 12233 | D:8      | Learned a level 4 spell: Summon Ice Beast
 12657 | D:8      | Found a shadowy altar of Dithmenos.
 12699 | D:9      | Found a burning altar of Makhleb.
 12731 | D:9      | Found a shattered altar of Ashenzari.
 13243 | D:9      | Found a white marble altar of Elyvilon.
 14542 | D:9      | Reached skill level 8 in Spellcasting
 14637 | D:9      | Reached XP level 10. HP: 80/80 MP: 15/26
 14744 | D:10     | Entered Level 10 of the Dungeon
 14744 | D:10     | Noticed a hill giant
 14804 | D:9      | Reached skill level 5 in Translocations
 16003 | D:9      | Slain by a killer bee

Vault maps used:
D:1:      tarquinn_simple_flora_water_f, lexackson_kobold_supper
D:2:      first_bread, hangedman_glass_teeth, minmay_misc_feat_alley
D:3:      nrook_mini_backslash, minmay_misc_feat_square,
          nicolae_ru_great_annihilating_truth
D:4:      gup_sewer_entry_glass, uniq_pikel
D:6:      minmay_temple_entry_glass, serial_shops, shop, shop, st_stairs_1,
          minmay_misc_feat_tower, lemuel_another_geyser,
          uniq_crazy_yiuf_cottage, uniq_blork_the_orc
D:7:      nicolae_overflow_hidden_temple
D:8:      kennysheep_mini, nicolae_overflow_crystal_walls, serial_shops, shop,
          shop
D:9:      cheibrodos_ashenzari_chains, old_standard_altar, lemuel_doored_altar
D:10:     erik_lair_island, serial_shops, kennysheep_little_box, basic_altar
Sewer:    sewer_co_15_rooms

Skill      XL: |  1  2  3  4  5  6  7  8  9 10 |
---------------+-------------------------------+-----
Spellcasting   | 2 3 4 6 8 |  8.3
Ice Magic      | 3 4 5 6 |  6.9
Conjurations   | 1 2 3 4 5 |  5.8
Translocations | 2 3 4 5 |  5.2
Fighting       | 2 3 4 |  4.8
Dodging        | |  1.7
Stealth        | |  1.7

Action                   |  1- 3 |  4- 6 |  7- 9 | 10-12 || total
-------------------------+-------+-------+-------+-------++-------
Melee: Unarmed           |     1 |       |       |       ||     1
       Club              |    22 |    14 |       |       ||    36
       Flail             |       |     1 |   153 |    47 ||   201
       Whip              |       |       |     6 |       ||     6
Throw: Stone             |       |    20 |     4 |     1 ||    25
       Tomahawk          |       |     1 |    30 |     7 ||    38
 Cast: Freeze            |    54 |    76 |   123 |    24 ||   277
       Throw Frost       |    22 |    83 |   208 |    37 ||   350
       Force Lance       |       |       |    26 |     8 ||    34
       Ozocubu's Armour  |       |       |     5 |       ||     5
       Throw Icicle      |       |       |     4 |     9 ||    13
  Use: Scroll            |    11 |     4 |     3 |     1 ||    19
       Potion            |       |     1 |       |       ||     1
  Eat: Chunk             |     6 |    14 |    23 |     3 ||    46
       Pizza             |       |       |     2 |       ||     2
       Beef jerky        |       |       |     1 |       ||     1
       Royal jelly       |       |       |       |     1 ||     1
